AoeStats
← Infadel

Four Lakes

508773329Analyzed
1v1 RM · 8d ago on Sep 24, 2026· 27m 2s· 2 players
Game mode
Random Map
Map size
Tiny (2 player)
Population
200
Speed
Normal
Resources
Standard
Victory
Conquest
Starting age
Dark Age
Ending age
Imperial Age
RankedLock teamsTeams togetherTeam positionsShared explorationLock speedFull tech treeHidden civsTurbo modeCheats
Victory
Defeat
🇧🇷 Japanese · Brazil
1167
+17
🇮🇳 Mongols · India
1185
-17
[GG] Trezeguet
8:14 Loom
10:10 Feudal Age
14:20 Bloodlines
20:25 Castle Age
19:09 Scale Mail Armor
19:15 Scale Barding Armor
19:22 Forging
21:23 Wheelbarrow
21:23 Chain Mail Armor
23:14 Husbandry
Infadel
7:29 Loom
9:14 Feudal Age
11:45 Double-Bit Axe
13:37 Horse Collar
18:01 Forging
22:04 Castle Age
20:15 Gold Mining
20:25 Fletching
22:14 Stone Mining
23:32 Bow Saw
24:49 Wheelbarrow
Connection lost

Rejoining the realm…

Still unreachable

The connection could not be restored.

Session expired

The server has moved on; the page needs a fresh start.